AoeStats
← FredoLeBeau

Arena

509006990Analyzed
4v4 RM · 8d ago on Sep 25, 2026· 66m 39s· 8 players
Game mode
Random Map
Map size
Large (8 player)
Population
200
Speed
Normal
Resources
Standard
Victory
Conquest
Starting age
Dark Age
Ending age
Imperial Age
RankedLock teamsTeams togetherTeam positionsShared explorationLock speedFull tech treeHidden civsTurbo modeCheats
Victory
Defeat
🇨🇱 Turks · Chile
1159
+11
🇨🇱 Goths · Chile
1100
+14
🇨🇱 Inca · Chile
1083
+15
🇨🇱 Mongols · Chile
1075
+15
🇨🇳 Franks · China
1061
-14
🇨🇦 Bohemians · Canada
1060
-14
🇺🇸 Cumans · United States
1058
-14
🇨🇦 Hindustanis · Canada
1034
-13
FredoLeBeau
11:17 Feudal Age
15:24 Castle Age
13:29 Double-Bit Axe
13:33 Horse Collar
14:54 Scale Mail Armor
14:45 Man-at-Arms
15:41 Long Swordsman
30:34 Imperial Age
27:51 Loom
28:44 Wheelbarrow
28:56 Chain Mail Armor
30:27 Chemistry
31:03 Squires
31:17 Forging
32:09 Hand Cart
31:31 Two-Handed Swordsman
32:52 Pikeman
34:37 Wagenburg Tactics
34:44 Champion
36:49 Iron Casting
37:55 Elite Hussite Wagon
40:07 Houfnice
42:55 Fletching
43:06 Padded Archer Armor
43:25 Elite Skirmisher
44:29 Ballistics
44:15 Siege Engineers
46:41 Bodkin Arrow
47:01 Leather Archer Armor
47:25 Halberdier
51:49 Bracer
52:20 Ring Archer Armor
52:26 Plate Mail Armor
52:56 Blast Furnace
53:54 Town Watch
59:10 Bow Saw
59:02 Heavy Plow
62:04 Conscription
Tugg Speedman
0:58 Loom
11:19 Feudal Age
19:13 Castle Age
19:06 Double-Bit Axe
19:04 Horse Collar
20:13 Fletching
22:05 Padded Archer Armor
23:01 Bodkin Arrow
24:12 Ballistics
29:00 Elite Skirmisher
37:06 Bloodlines
43:45 Light Cavalry
46:48 Bloodlines
48:07 Bloodlines
Kansla
4:48 Loom
11:02 Feudal Age
16:41 Castle Age
15:22 Double-Bit Axe
15:22 Horse Collar
16:29 Gold Mining
28:41 Imperial Age
26:34 Heavy Plow
27:36 Padded Archer Armor
28:05 Ballistics
27:58 Bow Saw
29:08 Wheelbarrow
28:54 Leather Archer Armor
30:22 Chemistry
30:48 Gold Shaft Mining
32:52 Two-Man Saw
33:07 Pikeman
35:42 Hand Cart
36:40 Ring Archer Armor
40:19 Heavy Camel Rider
42:20 Elite Skirmisher
44:54 Squires
46:03 Fletching
46:36 Conscription
46:20 Shatagni
47:20 Bodkin Arrow
47:34 Thumb Ring
47:33 Pikeman
63:03 Onager
Pay It Forward
0:33 Loom
10:28 Feudal Age
15:33 Castle Age
14:20 Double-Bit Axe
15:00 Gold Mining
21:18 Bow Saw
23:49 Light Cavalry
25:05 Husbandry
25:19 Scale Barding Armor
27:08 Wheelbarrow
29:13 Husbandry
30:15 Chain Barding Armor
32:19 Forging
36:32 Hand Cart
37:21 Iron Casting
37:35 Gold Shaft Mining
36:49 Town Watch
52:39 Caravan
59:33 Imperial Age
59:36 Cavalier
62:01 Plate Barding Armor
62:27 Blast Furnace
61:51 Treadmill Crane
nas! HakeN
0:41 Loom
13:21 Feudal Age
16:09 Stone Mining
16:09 Gold Mining
16:03 Horse Collar
16:12 Double-Bit Axe
18:49 Castle Age
17:31 Scale Barding Armor
17:27 Padded Archer Armor
17:18 Fletching
20:53 Leather Archer Armor
20:35 Bodkin Arrow
21:02 Chain Barding Armor
22:27 Wheelbarrow
22:43 Bow Saw
23:33 Gold Shaft Mining
25:51 Town Watch
26:21 Hand Cart
29:13 Heavy Plow
32:53 Imperial Age
32:06 Stone Shaft Mining
33:23 Elite Mangudai
34:24 Conscription
36:06 Drill
36:12 Heavy Scorpion
38:48 Chemistry
38:10 Ballistics
38:27 Capped Ram
39:28 Caravan
42:47 Siege Ram
46:03 Bracer
46:14 Forging
46:04 Scale Mail Armor
47:12 Fortified Wall
46:57 Murder Holes
47:13 Masonry
47:09 Siege Engineers
49:35 Nomads
66:17 Spies/Treason
COFFY
12:18 Feudal Age
16:32 Castle Age
15:00 Horse Collar
15:08 Double-Bit Axe
15:50 Stone Mining
15:51 Gold Mining
18:00 Wheelbarrow
17:50 Heavy Plow
18:17 Bow Saw
19:40 Crossbowman
23:26 Hand Cart
26:26 Stone Shaft Mining
26:42 Gold Shaft Mining
30:25 Ballistics
32:42 Imperial Age
31:07 Town Watch
31:20 Treadmill Crane
32:29 Town Patrol
33:28 Arbalester
34:14 Thumb Ring
35:19 Elite Skirmisher
37:27 Chemistry
42:02 Crop Rotation
41:48 Fletching
41:58 Padded Archer Armor
42:12 Forging
42:05 Scale Mail Armor
45:50 Iron Casting
45:12 Bodkin Arrow
45:33 Leather Archer Armor
45:54 Iron Casting
45:34 Chain Mail Armor
47:01 Bracer
47:31 Ring Archer Armor
47:40 Iron Casting
50:03 Plate Mail Armor
49:44 Loom
53:21 Sappers
54:14 Champi Runner
54:58 Champi Warrior
55:21 Elite Kamayuk
57:06 Murder Holes
57:29 Masonry
57:26 Siege Engineers
59:11 Caravan
58:41 Elite Champi Warrior
60:26 Capped Ram
63:22 Siege Ram
64:19 Heated Shot
nas! ANDi
11:03 Feudal Age
15:19 Castle Age
20:41 Imperial Age
18:12 Double-Bit Axe
18:21 Gold Mining
20:08 Bow Saw
20:15 Horse Collar
21:01 Loom
27:25 Padded Archer Armor
29:06 Leather Archer Armor
30:34 Wheelbarrow
38:51 Gold Shaft Mining
39:19 Scale Barding Armor
40:42 Husbandry
40:52 Bloodlines
42:59 Conscription
46:15 Stone Mining
47:15 Forging
47:55 Ring Archer Armor
49:32 Artillery
51:21 Chain Barding Armor
51:15 Fervor
52:52 Heavy Plow
53:15 Town Watch
53:46 Hand Cart
53:50 Elite Janissary
57:32 Plate Barding Armor
57:33 Iron Casting
59:21 Caravan
60:43 Blast Furnace
62:34 Town Patrol
67:19 Two-Man Saw
66:12 Fletching
66:23 Scale Mail Armor
wtfckkk
10:12 Loom
11:58 Feudal Age
16:15 Castle Age
15:38 Double-Bit Axe
16:36 Forging
16:20 Pikeman
18:29 Squires
19:27 Horse Collar
21:11 Wheelbarrow
21:13 Scale Mail Armor
24:50 Iron Casting
24:17 Padded Archer Armor
24:33 Chain Mail Armor
24:34 Gold Mining
25:05 Heavy Plow
27:37 Bow Saw
27:48 Leather Archer Armor
28:24 Hand Cart
28:45 Anarchy
35:09 Imperial Age
36:30 Halberdier
36:35 Elite Huskarl
38:42 Perfusion
51:37 Two-Man Saw
51:15 Crop Rotation
53:18 Ballistics
53:59 Chemistry
55:51 Blast Furnace
55:23 Ring Archer Armor
65:11 Guilds
Connection lost

Rejoining the realm…

Still unreachable

The connection could not be restored.

Session expired

The server has moved on; the page needs a fresh start.